AoeStats
← KKKabrera

Black Forest

510328396Analyzed
4v4 RM · 1d ago on Sep 30, 2026· 31m 14s· 8 players
Game mode
Random Map
Map size
Large (8 player)
Population
200
Speed
Normal
Resources
Standard
Victory
Conquest
Starting age
Dark Age
Ending age
Imperial Age
RankedLock teamsTeams togetherTeam positionsShared explorationLock speedFull tech treeHidden civsTurbo modeCheats
Victory
Defeat
🇪🇸 Sicilians · Spain
680
+9
🇺🇸 Franks · United States
642
+10
🇪🇸 Maya · Spain
639
+10
🇨🇱 Spanish · Chile
555
+13
🇮🇳 Khmer · India
566
-12
🇨🇳 Huns · China
555
-12
🇪🇸 Spanish · Spain
478
-10
🇮🇳 Turks · India
415
-8
MARGONIO
0:54 Loom
20:53 Feudal Age
21:21 Double-Bit Axe
21:19 Horse Collar
21:05 Man-at-Arms
25:33 Arson
Kadyan
11:26 Feudal Age
13:17 Stone Mining
13:18 Gold Mining
13:15 Double-Bit Axe
17:04 Man-at-Arms
19:29 Bloodlines
19:40 Bloodlines
20:20 Horse Collar
22:31 Man-at-Arms
ShrouD
15:24 Feudal Age
19:13 Wheelbarrow
20:54 Castle Age
29:07 Hand Cart
Ming
11:43 Feudal Age
12:12 Double-Bit Axe
15:13 Horse Collar
20:24 Castle Age
22:25 Bow Saw
22:46 Heavy Plow
24:23 Gold Mining
24:32 Stone Mining
25:45 Gold Shaft Mining
Wilson Winston
11:29 Feudal Age
16:36 Fishing Lines
16:47 Double-Bit Axe
16:45 Horse Collar
21:54 Wheelbarrow
23:54 Castle Age
23:02 Gold Mining
23:06 Stone Mining
23:19 Scale Mail Armor
23:30 Forging
25:43 Bow Saw
25:39 Heavy Plow
27:28 Chain Mail Armor
28:24 Hand Cart
27:59 Arson
28:47 Squires
28:34 Gambesons
29:29 Iron Casting
32:45 Imperial Age
30:55 Man-at-Arms
Archaon el Elegido
0:42 Loom
14:46 Feudal Age
17:24 Double-Bit Axe
17:39 Town Watch
19:37 Fletching
20:06 Padded Archer Armor
27:49 Castle Age
29:00 Thumb Ring
28:18 Crossbowman
28:56 Bodkin Arrow
30:34 Leather Archer Armor
jd.bu.beard
0:34 Loom
15:02 Feudal Age
20:20 Castle Age
KKKabrera
0:59 Loom
17:28 Feudal Age
18:26 Town Watch
19:17 Wheelbarrow
22:33 Double-Bit Axe
22:31 Horse Collar
25:29 Castle Age
23:26 Stone Mining
23:27 Gold Mining
28:40 Hand Cart
28:27 Town Patrol
28:41 Heavy Plow
29:19 Stone Shaft Mining
29:05 Caravan
30:29 Bow Saw
Connection lost

Rejoining the realm…

Still unreachable

The connection could not be restored.

Session expired

The server has moved on; the page needs a fresh start.